IL
TACOMA RAINIERS @ SCRANTON WB RAILRIDERS
09/12/2047
 
TOP OF THE 1ST
Tacoma Rainiers batting - Pitching for Scranton WB RailRiders : RHP Jason Sterner
Pitching: RHP Jason Sterner
Batting: RHB Brad Robidas 0-0: Foul Ball, location: 2F
0-1: Foul Ball, location: 2F
0-2: SINGLE (Groundball, 6D, EV 98.8 MPH)
Batting: LHB Jawad Fahad 0-0: Fly out, F9 (Flyball, 9, EV 75.6 MPH)
Batting: LHB Ryan Lowe 0-0: Ball
1-0: Ball
2-0: Called Strike
2-1: Called Strike
2-2: Foul Ball, location: 2F
2-2: Ground out 5-3 (Groundball, 5S, EV 93.8 MPH)
Brad Robidas to second
Batting: LHB Josh Pittman 0-0: Swinging Strike
0-1: Ball
1-1: Called Strike
1-2: Ball
2-2: Ball
3-2: Foul Ball, location: 2F
3-2: Foul Ball, location: 2F
3-2: Strikes out swinging
Top of the 1st over - 0 runs, 1 hit, 0 errors, 1 left on base; Tacoma 0 - Scranton WB 0
BOTTOM OF THE 1ST
Scranton WB RailRiders batting - Pitching for Tacoma Rainiers : RHP Luis Castro
Pitching: RHP Luis Castro
Batting: RHB Devon Utley 0-0: Ball
1-0: Called Strike
1-1: Swinging Strike
1-2: SINGLE (Line Drive, 7S, EV 108.1 MPH)
Batting: LHB Dan Morris 0-0: Foul Ball, location: 2F
0-1: Ball
1-1: SINGLE (Line Drive, 8LS, EV 103.1 MPH)
Devon Utley to second
Runner from 2nd tries for 3rd, SAFE, throw by CF made to third
Batting: SHB Mukhtar Wa'il 0-0: Ball
Dan Morris steals 2nd base (no throw)
1-0: Ball
2-0: Foul Ball, location: 2F
2-1: Ground out U3 (Groundball, 3, EV 83.1 MPH)
Batting: SHB Victor Ruiz 0-0: Ball
1-0: Swinging Strike
1-1: Foul Ball, location: 2F
1-2: Ball
2-2: SINGLE (Line Drive, 78S, EV 86.9 MPH)
Devon Utley scores
Dan Morris to third
Batting: LHB Aaron Joyner 0-0: Grounds into double play, U3-6 (Groundball, 3L, EV 103.1 MPH)
Bottom of the 1st over - 1 run, 3 hits, 0 errors, 1 left on base; Tacoma 0 - Scranton WB 1
TOP OF THE 2ND
Tacoma Rainiers batting - Pitching for Scranton WB RailRiders : RHP Jason Sterner
Batting: RHB Rick Ellis 0-0: Ball
1-0: SINGLE (Groundball, 6S, EV 68.1 MPH) (infield hit)
Batting: RHB Bill Vives 0-0: Called Strike
0-1: Ball
1-1: Ball
2-1: DOUBLE (Line Drive, 9LS, EV 90.0 MPH)
Rick Ellis to third
Runner from 3rd tries for Home, SAFE, no throw by RF
Batting: RHB Max Schellekens 0-0: SINGLE (Groundball, 56D, EV 105.0 MPH)
Bill Vives to third
Batting: RHB Steve Martin 0-0: Called Strike
0-1: Foul Ball, location: 2F
0-2: SINGLE (Groundball, 34S, EV 65.6 MPH) (infield hit)
Max Schellekens to second
Batting: RHB Kagetoki Kawai 0-0: Ball
1-0: Ball
2-0: Called Strike
2-1: SINGLE (Groundball, 6, EV 96.9 MPH)
Bill Vives scores
Max Schellekens to third
Steve Martin to second
Batting: RHB Brad Robidas 0-0: Called Strike
0-1: Ball
1-1: Ball
2-1: Foul Ball, location: 2F
2-2: Ball
3-2: Strikes out swinging
Batting: LHB Jawad Fahad 0-0: Ball
1-0: Ball
2-0: Ball
3-0: Base on Balls
Max Schellekens scores
Steve Martin to third
Kagetoki Kawai to second
Batting: LHB Ryan Lowe 0-0: Called Strike
0-1: Ball
1-1: Ball
2-1: Foul Ball, location: 2F
2-2: Foul Ball, location: 2F
2-2: Foul Ball, location: 2F
2-2: Foul Ball, location: 2F
2-2: Strikes out swinging
Batting: LHB Josh Pittman 0-0: Ball
1-0: Ball
2-0: Called Strike
2-1: Ground out 4-3 (Groundball, 4, EV 83.8 MPH)
Top of the 2nd over - 3 runs, 5 hits, 0 errors, 3 left on base; Tacoma 3 - Scranton WB 1
BOTTOM OF THE 2ND
Scranton WB RailRiders batting - Pitching for Tacoma Rainiers : RHP Luis Castro
Batting: RHB Mike Gifford 0-0: Called Strike
0-1: Ball
1-1: Ground out 5-3 (Groundball, 5, EV 98.8 MPH)
Batting: SHB Edwin Dominguez 0-0: Ball
1-0: Ground out U3 (Groundball, 3, EV 105.6 MPH)
Batting: RHB Jordan Barragan 0-0: SINGLE (Line Drive, 78S, EV 90.0 MPH)
Batting: SHB Joe Fure 0-0: Ball
1-0: Ball
2-0: Called Strike
2-1: Called Strike
2-2: Foul Ball, location: 2F
2-2: Foul Ball, location: 2F
2-2: Foul Ball, location: 2F
2-2: Strikes out swinging
Bottom of the 2nd over - 0 runs, 1 hit, 0 errors, 1 left on base; Tacoma 3 - Scranton WB 1
TOP OF THE 3RD
Tacoma Rainiers batting - Pitching for Scranton WB RailRiders : RHP Jason Sterner
Batting: RHB Rick Ellis 0-0: Called Strike
0-1: Swinging Strike
0-2: Ball
1-2: Fly out, F4 (Popup, 4S, EV 69.4 MPH)
Batting: RHB Bill Vives 0-0: Foul Ball, location: 2F
0-1: SINGLE (Flyball, 78S, EV 96.2 MPH)
Batting: RHB Max Schellekens 0-0: Grounds into double play, 4-6-3 (Groundball, 4, EV 104.4 MPH)
Top of the 3rd over - 0 runs, 1 hit, 0 errors, 0 left on base; Tacoma 3 - Scranton WB 1
BOTTOM OF THE 3RD
Scranton WB RailRiders batting - Pitching for Tacoma Rainiers : RHP Luis Castro
Batting: RHB Devon Utley 0-0: Ground out 6-3 (Groundball, 6, EV 108.1 MPH)
Batting: LHB Dan Morris 0-0: Ball
1-0: Ball
2-0: Foul Ball, location: 2F
2-1: Called Strike
2-2: Strikes out swinging
Batting: SHB Mukhtar Wa'il 0-0: Fly out, F5 (Popup, 56S, EV 75.6 MPH)
Bottom of the 3rd over - 0 runs, 0 hits, 0 errors, 0 left on base; Tacoma 3 - Scranton WB 1
TOP OF THE 4TH
Tacoma Rainiers batting - Pitching for Scranton WB RailRiders : RHP Jason Sterner
Batting: RHB Steve Martin 0-0: Ball
1-0: Swinging Strike
1-1: Swinging Strike
1-2: Ball
2-2: Strikes out looking
Batting: RHB Kagetoki Kawai 0-0: Called Strike
0-1: Ball
1-1: Ball
2-1: Ball
3-1: Fly out, F8 (Flyball, 89D, EV 106.2 MPH)
Batting: RHB Brad Robidas 0-0: Ground out 5-3 (Groundball, 5L, EV 109.4 MPH)
Top of the 4th over - 0 runs, 0 hits, 0 errors, 0 left on base; Tacoma 3 - Scranton WB 1
BOTTOM OF THE 4TH
Scranton WB RailRiders batting - Pitching for Tacoma Rainiers : RHP Luis Castro
Batting: SHB Victor Ruiz 0-0: Called Strike
0-1: Swinging Strike
0-2: Ball
1-2: Ball
2-2: Ball
3-2: Base on Balls
Batting: LHB Aaron Joyner 0-0: Called Strike
0-1: Foul Ball, location: 2F
0-2: Ball
1-2: Strikes out swinging
Batting: RHB Mike Gifford 0-0: Ball
1-0: SINGLE (Groundball, 6MS, EV 63.1 MPH) (infield hit)
Victor Ruiz to second
Batting: SHB Edwin Dominguez 0-0: Foul Ball, location: 2F
0-1: Foul Ball, location: 2F
0-2: Foul Ball, location: 2F
0-2: Strikes out swinging
Batting: RHB Jordan Barragan 0-0: SINGLE (Line Drive, 4D, EV 103.8 MPH)
Victor Ruiz to third
Mike Gifford to second
Batting: SHB Joe Fure 0-0: Ball
1-0: Ball
2-0: Ball
3-0: Called Strike
3-1: DOUBLE (Line Drive, 89M, EV 96.9 MPH)
Victor Ruiz scores
Mike Gifford scores
Jordan Barragan to third
Runner from 3rd tries for Home, throw by RF and OUT! 9-4-2
Bottom of the 4th over - 2 runs, 3 hits, 0 errors, 1 left on base; Tacoma 3 - Scranton WB 3
TOP OF THE 5TH
Tacoma Rainiers batting - Pitching for Scranton WB RailRiders : RHP Jason Sterner
Batting: LHB Jawad Fahad 0-0: SINGLE (Line Drive, 7S, EV 90.6 MPH)
Batting: LHB Ryan Lowe 0-0: SINGLE (Line Drive, 8RS, EV 92.5 MPH)
Jawad Fahad to second
Batting: LHB Josh Pittman 0-0: Ball
1-0: Fly out, F4 (Popup, 4MD, EV 65.6 MPH)
Batting: RHB Rick Ellis 0-0: SINGLE (Groundball, 5D, EV 108.1 MPH)
Jawad Fahad to third
Ryan Lowe to second
Batting: RHB Bill Vives 0-0: Called Strike
0-1: Called Strike
0-2: Ball
1-2: Foul Ball, location: 2F
1-2: Ball
2-2: Ball
3-2: Grounds into fielders choice 6-2 (Groundball, 6, EV 80.6 MPH)
Ryan Lowe to third
Rick Ellis to second
Batting: RHB Max Schellekens 0-0: Ball
1-0: Called Strike
1-1: Called Strike
1-2: Ball
Wild Pitch!
Ryan Lowe scores
Rick Ellis to third
Bill Vives to second
2-2: Strikes out swinging
Top of the 5th over - 1 run, 3 hits, 0 errors, 2 left on base; Tacoma 4 - Scranton WB 3
BOTTOM OF THE 5TH
Scranton WB RailRiders batting - Pitching for Tacoma Rainiers : RHP Luis Castro
Batting: RHB Devon Utley 0-0: Ball
1-0: Ball
2-0: SINGLE (Line Drive, 78S, EV 111.2 MPH)
Batting: LHB Dan Morris 0-0: Ball
1-0: Ball
2-0: Called Strike
2-1: Swinging Strike
2-2: Foul Ball, location: 2F
2-2: Strikes out swinging
Batting: SHB Mukhtar Wa'il 0-0: Hit by Pitch
Devon Utley to second
Batting: SHB Victor Ruiz 0-0: Called Strike
0-1: Ball
1-1: Called Strike
1-2: Ball
2-2: SINGLE (Line Drive, 7LS, EV 106.9 MPH)
Devon Utley to third
Mukhtar Wa'il to second
Runner from 3rd tries for Home, SAFE, throw by LF to home
Batting: LHB Aaron Joyner 0-0: Ball
1-0: Called Strike
1-1: Ball
2-1: Fielders Choice at 2nd, 5-4 (Groundball, 56S, EV 85.0 MPH)
Mukhtar Wa'il to third
Batting: RHB Mike Gifford 0-0: Swinging Strike
0-1: Ball
1-1: Foul Ball, location: 2F
1-2: Ground out 4-3 (Groundball, 34, EV 82.5 MPH)
Bottom of the 5th over - 1 run, 2 hits, 0 errors, 2 left on base; Tacoma 4 - Scranton WB 4
TOP OF THE 6TH
Tacoma Rainiers batting - Pitching for Scranton WB RailRiders : RHP Jason Sterner
Batting: RHB Steve Martin 0-0: Ball
1-0: Ball
2-0: Ball
3-0: Called Strike
3-1: Called Strike
3-2: Ground out 3-1 (Groundball, 13, EV 92.5 MPH)
Batting: RHB Kagetoki Kawai 0-0: Called Strike
0-1: Ball
1-1: Ball
2-1: Called Strike
2-2: Strikes out swinging
Batting: RHB Brad Robidas 0-0: Ball
1-0: SINGLE (Groundball, 4M, EV 98.8 MPH) (infield hit)
Pitching: RHP Ray Richards
Batting: LHB Jawad Fahad 0-0: Ball
1-0: Ball
2-0: Ball
3-0: Base on Balls
Brad Robidas to second
Batting: LHB Ryan Lowe 0-0: Ground out U3 (Groundball, 3, EV 89.4 MPH)
Top of the 6th over - 0 runs, 1 hit, 0 errors, 2 left on base; Tacoma 4 - Scranton WB 4
BOTTOM OF THE 6TH
Scranton WB RailRiders batting - Pitching for Tacoma Rainiers : RHP Luis Castro
Batting: SHB Edwin Dominguez 0-0: Ball
1-0: Ball
2-0: Fly out, F8 (Flyball, 8LXD, EV 96.2 MPH)
Batting: RHB Jordan Barragan 0-0: Fly out, F8 (Flyball, 8RM, EV 91.2 MPH)
Batting: SHB Joe Fure 0-0: Ball
1-0: Ball
2-0: SINGLE (Line Drive, 3D, EV 95.0 MPH)
Batting: RHB Devon Utley 0-0: Ball
1-0: Ball
Joe Fure is caught stealing 2nd base 2-4
Bottom of the 6th over - 0 runs, 1 hit, 0 errors, 0 left on base; Tacoma 4 - Scranton WB 4
TOP OF THE 7TH
Tacoma Rainiers batting - Pitching for Scranton WB RailRiders : RHP Ray Richards
Batting: LHB Josh Pittman 0-0: Ball
1-0: Called Strike
1-1: Ground out 3-1 (Groundball, 34S, EV 66.9 MPH)
Batting: RHB Rick Ellis 0-0: Ball
1-0: Ball
2-0: Ball
3-0: Called Strike
3-1: Base on Balls
Batting: RHB Bill Vives 0-0: Fly out, F7 (Flyball, 78D, EV 73.8 MPH)
Batting: RHB Max Schellekens 0-0: Ball
1-0: Called Strike
Rick Ellis is caught stealing 2nd base 2-4
Top of the 7th over - 0 runs, 0 hits, 0 errors, 0 left on base; Tacoma 4 - Scranton WB 4
BOTTOM OF THE 7TH
Scranton WB RailRiders batting - Pitching for Tacoma Rainiers : RHP Luis Castro
Batting: RHB Devon Utley 0-0: Fly out, F8 (Flyball, 8RD, EV 98.8 MPH)
Batting: LHB Dan Morris 0-0: Ball
1-0: Ball
2-0: Ground out 5-3 (Groundball, 5L, EV 87.5 MPH)
Batting: SHB Mukhtar Wa'il 0-0: Ground out 4-3 (Groundball, 4S, EV 89.4 MPH)
Bottom of the 7th over - 0 runs, 0 hits, 0 errors, 0 left on base; Tacoma 4 - Scranton WB 4
TOP OF THE 8TH
Tacoma Rainiers batting - Pitching for Scranton WB RailRiders : RHP Ray Richards
Batting: RHB Max Schellekens 0-0: Ball
1-0: Called Strike
1-1: Ball
2-1: Called Strike
2-2: Ball
3-2: Foul Ball, location: 2F
3-2: Base on Balls
Batting: RHB Steve Martin 0-0: Bunted foul
0-1: Bunt missed!
0-2: Ball
1-2: Strikes out looking
Pinch Hitting: RHB Leon Alders 0-0: Ball
1-0: Ground out 4-3 (Groundball, 34, EV 109.4 MPH)
Max Schellekens to second
Batting: RHB Brad Robidas 0-0: Ball
1-0: Called Strike
1-1: Ball
2-1: Ball
3-1: Called Strike
3-2: Ground out 1-3 (Groundball, 13S, EV 74.4 MPH)
Top of the 8th over - 0 runs, 0 hits, 0 errors, 1 left on base; Tacoma 4 - Scranton WB 4
BOTTOM OF THE 8TH
Scranton WB RailRiders batting - Pitching for Tacoma Rainiers : RHP Luis Castro
Now in CF: Brendan Bundy
Batting: SHB Victor Ruiz 0-0: Foul Ball, location: 2F
0-1: Ground out U3 (Groundball, 13, EV 90.6 MPH)
Pitching: LHP Adam Parrish
Batting: LHB Aaron Joyner 0-0: Ball
1-0: Fly out, F8 (Flyball, 8RXD, EV 98.1 MPH)
Batting: RHB Mike Gifford 0-0: Ball
1-0: Foul Ball, location: 2F
1-1: Called Strike
1-2: Ball
2-2: Ball
3-2: Ground out 6-3 (Groundball, 6, EV 98.1 MPH)
Bottom of the 8th over - 0 runs, 0 hits, 0 errors, 0 left on base; Tacoma 4 - Scranton WB 4
TOP OF THE 9TH
Tacoma Rainiers batting - Pitching for Scranton WB RailRiders : RHP Ray Richards
Pitching: RHP John Robidoux
Batting: LHB Jawad Fahad 0-0: Foul Ball, location: 2F
0-1: Fly out, F9 (Line Drive, 89M, EV 88.1 MPH)
Batting: LHB Ryan Lowe 0-0: Ball
1-0: SINGLE (Groundball, 6, EV 106.2 MPH)
Batting: LHB Josh Pittman 0-0: Foul Ball, location: 2F
0-1: Ball
1-1: Swinging Strike
1-2: Ball
2-2: Ball
3-2: Foul Ball, location: 2F
3-2: Strikes out looking
Batting: RHB Rick Ellis 0-0: Called Strike
0-1: Foul Ball, location: 2F
0-2: Foul Ball, location: 2F
0-2: Ball
1-2: SINGLE (Line Drive, 9S, EV 93.8 MPH)
Ryan Lowe to second
Runner from 2nd tries for 3rd, SAFE, throw by RF made to third
Batting: RHB Bill Vives 0-0: Ball
1-0: SINGLE (Groundball, 6D, EV 104.4 MPH)
Ryan Lowe scores
Rick Ellis to second
Batting: RHB Max Schellekens 0-0: Called Strike
0-1: Called Strike
0-2: Foul Ball, location: 2F
0-2: SINGLE (Groundball, 34D, EV 94.4 MPH)
Rick Ellis to third
Bill Vives to second
Runner from 3rd tries for Home, SAFE, throw by RF to home
Batting: RHB Steve Martin 0-0: Called Strike
0-1: Ball
1-1: Called Strike
1-2: Ball
2-2: Fielders Choice at 2nd, 5-4 (Groundball, 56, EV 93.8 MPH)
Top of the 9th over - 2 runs, 4 hits, 0 errors, 2 left on base; Tacoma 6 - Scranton WB 4
BOTTOM OF THE 9TH
Scranton WB RailRiders batting - Pitching for Tacoma Rainiers : LHP Adam Parrish
Pitching: RHP Jace Daniels
Batting: SHB Edwin Dominguez 0-0: Ball
1-0: Ball
2-0: Ball
3-0: Base on Balls
Pinch Hitting: LHB Jose Lebron 0-0: Called Strike
0-1: Ball
1-1: Fielders Choice at 2nd, 3-6 (Groundball, 3, EV 82.5 MPH)
Batting: SHB Joe Fure 0-0: Called Strike
0-1: Ball
1-1: Swinging Strike
1-2: Strikes out swinging
Batting: RHB Devon Utley 0-0: Called Strike
0-1: Swinging Strike
0-2: Strikes out swinging
Bottom of the 9th over - 0 runs, 0 hits, 0 errors, 1 left on base; Tacoma 6 - Scranton WB 4
Thursday, December 15th , 2022 - OOTP Baseball 23.9 Build 102